Map: Old Estate

Players

JoHayo

  • Race: Protoss Protoss
  • League: Gold
  • Spawn Location: 1:00

WWSativa

  • Race: Protoss Protoss
  • League: Gold
  • Spawn Location: 1:00

DieAnderBaas

  • Race: Zerg Zerg
  • League: Gold
  • Spawn Location: 3:00

KIRAKL

  • Race: Terran Terran
  • Spawn Location: 3:00

RyuKey - Winner!

  • Race: Terran Terran
  • League: Diamond
  • Spawn Location: 7:00

KingJay - Winner!

  • Race: Protoss Protoss
  • Spawn Location: 9:00

NOUTRIA - Winner!

  • Race: Protoss Protoss
  • Spawn Location: 7:00

IIRainBOwII - Winner!

  • Race: Zerg Zerg
  • Spawn Location: 7:00

VOD

Have the link to the VOD?

Description

Time

  • Played on: June 5, 2020, 12:33 p.m.
  • Length: 26:23
Show
View Real Time Build Order
Export as new Build Order

JoHayo Protoss 

Build Orders: Cannon Rush 

Get SALT Encoding   

  12  0:10  Pylon  
  12  0:14  Probe (Chrono Boost)  
  13  0:29  Forge  
  13  0:34  Probe  
  14  0:46  Probe  
  15  0:53  Gateway  
  15  1:04  Pylon  
  15  1:11  Probe (Chrono Boost)  
  16  1:21  Probe (Chrono Boost)  
  16  1:24  Photon Cannon  
  16  1:41  Photon Cannon  
  16  1:50  Photon Cannon  
  16  1:53  Pylon  
  15  2:21  Probe (Chrono Boost)  
  16  2:27  Cybernetics Core  
  16  2:33  Probe (Chrono Boost)  
  17  2:39  Probe (Chrono Boost)  
  17  2:41  Assimilator  
  18  2:45  Assimilator  
  18  2:47  Probe  
  19  3:08  Nexus  
  19  3:34  Photon Cannon  
  19  3:35  Probe  
  19  4:19  Stargate  
  19  4:22  Assimilator  
  19  4:37  Pylon  
  19  5:02  Void Ray (Chrono Boost)  
  19  5:04  Probe  
  19  5:06  Protoss Air Weapons Level 1 (Chrono Boost)  
  24  5:11  Probe  
  25  5:16  Probe  
  26  5:27  Stargate  
  27  5:29  Probe (Chrono Boost)  
  27  5:31  Probe (Chrono Boost)  
  28  5:39  Pylon  
  28  5:42  Probe (Chrono Boost)  
  28  5:44  Assimilator, Probe (Chrono Boost)  
  30  5:58  Stargate  
  30  6:07  Cybernetics Core  
  30  6:15  Void Ray (Chrono Boost)  
  34  6:19  Probe x2  
  36  6:27  Void Ray (Chrono Boost)  
  40  6:46  Void Ray (Chrono Boost)  
  44  6:49  Probe x2  
  46  7:01  Photon Cannon  
  46  7:09  Pylon  
  46  7:27  Probe x2  
  52  7:41  Photon Cannon  
  45  7:44  Protoss Air Armor Level 1 (Chrono Boost)  
  43  8:03  Void Ray x2 (Chrono Boost)  
  48  8:07  Probe  
  44  8:37  Probe x2  
  42  8:43  Phoenix (Chrono Boost)  
  42  8:44  Phoenix (Chrono Boost)  
  42  8:46  Phoenix (Chrono Boost)  
  44  8:53  Probe  
  45  9:06  Phoenix  
  47  9:19  Fleet Beacon  
  47  9:28  Phoenix  
  49  9:35  Probe  
  49  9:36  Probe  
  51  9:51  Probe x2  
  51  10:03  Probe x2  
  39  10:07  Void Ray (Chrono Boost)  
  39  10:12  Carrier (Chrono Boost)  
  39  10:14  Phoenix (Chrono Boost)  
  47  10:23  Probe x2  
  49  10:35  Probe  
  50  10:37  Void Ray (Chrono Boost)  
  54  11:09  Protoss Air Weapons Level 2 (Chrono Boost)  
  54  11:47  Pylon, Protoss Air Armor Level 2 (Chrono Boost)  
  54  12:05  Phoenix, Probe x2  
  54  12:07  Void Ray (Chrono Boost)  
  62  12:11  Pylon  
  62  12:14  Pylon  
  62  12:26  Void Ray (Chrono Boost)  
  66  12:37  Void Ray (Chrono Boost)  
  70  12:47  Probe x2  
  76  12:52  Void Ray (Chrono Boost)  
  76  13:00  Probe x2  
  78  13:52  Void Ray  
  78  13:56  Warp Gate  
  77  14:24  Void Ray  
  77  14:27  Carrier  
  55  14:35  Carrier  
  60  15:07  Carrier  
  66  15:31  Void Ray  
Show
View Real Time Build Order
Export as new Build Order

WWSativa Protoss 

Build Orders: Carriers 

Get SALT Encoding   

  12  0:01  Probe (Chrono Boost)  
  13  0:11  Probe (Chrono Boost)  
  14  0:16  Probe (Chrono Boost)  
  15  0:24  Pylon  
  15  0:42  Probe  
  16  0:44  Forge  
  16  0:50  Gateway  
  16  0:54  Probe  
  17  1:00  Assimilator  
  17  1:09  Pylon  
  17  1:13  Assimilator  
  17  1:16  Probe (Chrono Boost)  
  19  1:25  Probe (Chrono Boost)  
  19  1:30  Probe (Chrono Boost)  
  20  1:36  Photon Cannon  
  20  1:42  Probe  
  21  1:54  Probe  
  21  1:58  Cybernetics Core  
  22  2:06  Probe  
  23  2:30  Nexus  
  23  2:41  Pylon  
  23  2:48  Pylon  
  23  3:03  Photon Cannon  
  23  3:23  Nexus  
  23  3:34  Pylon  
  23  3:38  Pylon  
  23  3:44  Probe (Chrono Boost)  
  23  3:45  Probe (Chrono Boost)  
  27  3:55  Probe (Chrono Boost)  
  27  3:56  Probe (Chrono Boost)  
  27  3:57  Warp Gate  
  27  4:00  Probe (Chrono Boost)  
  27  4:01  Probe (Chrono Boost)  
  29  4:10  Probe  
  29  4:14  Stargate  
  30  4:19  Stargate  
  30  4:22  Probe (Chrono Boost)  
  30  4:23  Probe (Chrono Boost)  
  33  4:33  Probe x2 (Chrono Boost)  
  34  4:39  Probe x2 (Chrono Boost)  
  34  4:42  Stargate  
  36  4:50  Stargate  
  36  4:52  Assimilator  
  36  4:59  Assimilator  
  37  5:00  Probe (Chrono Boost)  
  37  5:02  Probe (Chrono Boost)  
  37  5:04  Probe (Chrono Boost)  
  39  5:11  Probe (Chrono Boost)  
  39  5:12  Probe (Chrono Boost)  
  42  5:17  Probe (Chrono Boost)  
  42  5:18  Probe x2 (Chrono Boost)  
  44  5:24  Probe  
  44  5:26  Fleet Beacon, Probe  
  46  5:29  Pylon  
  46  5:36  Cybernetics Core  
  46  5:40  Twilight Council  
  46  5:44  Photon Cannon  
  46  5:47  Photon Cannon  
  46  5:49  Assimilator  
  46  5:51  Probe (Chrono Boost)  
  46  5:56  Assimilator  
  47  6:01  Probe (Chrono Boost)  
  49  6:05  Probe (Chrono Boost)  
  49  6:06  Probe (Chrono Boost)  
  50  6:17  Probe (Chrono Boost), Carrier (Chrono Boost)  
  57  6:21  Protoss Air Weapons Level 1  
  57  6:23  Probe (Chrono Boost)  
  57  6:25  Probe x2 (Chrono Boost)  
  60  6:31  Probe (Chrono Boost)  
  60  6:42  Probe x2 (Chrono Boost)  
  60  6:43  Probe (Chrono Boost)  
  59  6:48  Probe (Chrono Boost)  
  59  6:49  Probe x2 (Chrono Boost)  
  61  6:54  Photon Cannon  
  61  6:58  Probe  
  61  7:00  Probe x2  
  62  7:06  Carrier (Chrono Boost)  
  69  7:16  Carrier (Chrono Boost)  
  69  7:28  Carrier x2  
  81  7:36  Photon Cannon  
  81  7:51  Photon Cannon  
  81  7:53  Photon Cannon  
  81  7:56  Pylon  
  81  7:59  Pylon  
  81  8:01  Pylon  
  81  8:04  Pylon  
  81  8:07  Pylon  
  81  8:09  Photon Cannon  
  81  8:13  Probe  
  81  8:16  Carrier  
  88  8:25  Probe  
  89  8:32  Protoss Air Armor Level 1 (Chrono Boost), Protoss Air Weapons Level 2 (Chrono Boost)  
  89  8:37  Probe  
  90  8:47  Carrier  
  96  8:50  Probe  
  97  9:03  Nexus  
  97  9:08  Carrier x2  
  108  9:15  Photon Cannon  
  108  9:20  Photon Cannon  
  108  9:26  Carrier  
  114  9:45  Nexus  
  114  9:48  Pylon x2  
  114  9:50  Pylon  
  114  9:52  Stalker  
  116  10:14  Photon Cannon  
  116  10:17  Photon Cannon  
  116  10:19  Photon Cannon  
  116  10:21  Photon Cannon  
  116  10:24  Pylon x2  
  116  10:27  Assimilator  
  116  10:32  Assimilator  
  116  10:38  Protoss Air Armor Level 2 (Chrono Boost)  
  116  10:48  Protoss Air Weapons Level 3 (Chrono Boost)  
  116  10:50  Photon Cannon  
  116  10:51  Photon Cannon  
  116  10:57  Photon Cannon  
  116  11:00  Probe (Chrono Boost)  
  116  11:02  Protoss Shields Level 1 (Chrono Boost)  
  117  11:10  Probe (Chrono Boost)  
  118  11:15  Probe (Chrono Boost)  
  118  11:18  Probe x3  
  122  11:26  Probe  
  122  11:28  Carrier  
  122  11:30  Probe x3  
  132  11:38  Probe, Carrier  
  139  11:42  Probe  
  140  11:50  Stalker, Probe  
  143  12:02  Carrier x2  
  155  12:12  Stargate  
  155  12:18  Stargate  
  155  12:21  Stargate  
  155  12:22  Stargate  
  153  12:51  Carrier x2 (Chrono Boost)  
  165  13:03  Carrier (Chrono Boost)  
  159  13:06  Protoss Air Armor Level 3 (Chrono Boost)  
  159  13:07  Carrier x2 (Chrono Boost)  
  117  13:35  Carrier (Chrono Boost)  
  117  13:39  Protoss Shields Level 2 (Chrono Boost)  
  123  13:44  Carrier (Chrono Boost)  
  123  13:46  Carrier (Chrono Boost)  
  129  14:04  Carrier  
  133  14:15  Carrier  
  100  15:02  Carrier x2 (Chrono Boost)  
  100  15:03  Carrier (Chrono Boost)  
  124  15:10  Carrier (Chrono Boost)  
  119  15:35  Carrier (Chrono Boost)  
  129  15:46  Carrier x2 (Chrono Boost)  
  135  15:54  Carrier (Chrono Boost)  
  135  16:01  Pylon  
  135  16:03  Pylon  
  135  16:05  Pylon  
  135  16:07  Pylon  
  135  16:12  Pylon  
  129  16:29  Carrier x3 (Chrono Boost)  
  147  16:37  Assimilator  
  147  17:01  Carrier (Chrono Boost)  
  159  17:11  Carrier (Chrono Boost)  
  159  17:13  Pylon  
  159  17:19  Pylon  
  159  17:47  Nexus x2  
  159  17:48  Pylon x2  
  159  17:51  Pylon  
  159  17:57  Pylon  
  159  17:59  Assimilator  
  159  18:01  Assimilator  
  159  18:04  Carrier  
  159  18:05  Protoss Shields Level 3 (Chrono Boost), Assimilator  
  165  18:10  Assimilator  
  165  18:24  Photon Cannon  
  165  18:26  Photon Cannon  
  165  18:32  Photon Cannon  
  165  18:37  Photon Cannon  
  165  18:51  Carrier  
  111  19:39  Carrier x2  
  122  20:22  Pylon  
  122  20:24  Pylon  
  122  20:25  Carrier x2  
  113  20:56  Pylon  
  112  20:57  Pylon  
  112  20:58  Pylon x2, Probe (Chrono Boost)  
  112  21:01  Carrier x2  
  125  21:08  Probe (Chrono Boost)  
  125  21:13  Probe (Chrono Boost)  
  126  21:20  Photon Cannon  
  126  21:23  Photon Cannon  
  126  21:24  Probe  
  126  21:25  Photon Cannon  
  127  21:36  Probe  
  127  21:37  Carrier  
  110  22:44  Carrier x3  
  128  23:13  Carrier x4  
Show
View Real Time Build Order
Export as new Build Order

DieAnderBaas Zerg 

Build Orders: 3 Hatch before Pool, Swarm Host, Roach Nydus 

Get SALT Encoding   

  12  0:02  Drone  
  13  0:09  Drone  
  14  0:22  Overlord  
  14  0:29  Extractor  
  14  0:30  Drone, Extractor  
  14  0:31  Drone  
  16  0:40  Drone  
  17  0:46  Drone  
  18  1:01  Drone  
  19  1:11  Hatchery  
  18  1:16  Drone  
  19  1:18  Drone  
  20  1:32  Drone  
  21  1:39  Hatchery, Drone  
  21  1:49  Drone  
  22  1:55  Spawning Pool  
  22  2:00  Drone  
  22  2:17  Overlord  
  22  2:24  Drone x2, Extractor  
  22  2:25  Extractor  
  22  2:32  Drone  
  22  2:35  Drone  
  24  2:50  Drone x2  
  26  2:54  Drone x2  
  26  2:55  Extractor  
  26  2:56  Extractor  
  26  3:01  Queen  
  26  3:02  Queen x2  
  32  3:09  Drone  
  32  3:11  Roach Warren  
  32  3:13  Drone  
  33  3:32  Drone x5  
  38  3:36  Drone  
  38  3:37  Pneumatized Carapace  
  38  3:38  Drone  
  40  3:45  Drone x2  
  42  4:01  Overlord x3  
  42  4:03  Lair  
  42  4:12  Evolution Chamber  
  41  4:17  Evolution Chamber  
  41  4:18  Roach  
  41  4:19  Roach x2  
  41  4:20  Roach  
  41  4:23  Roach  
  50  4:26  Roach  
  50  4:28  Drone  
  50  4:30  Drone  
  54  4:33  Drone  
  54  4:34  Drone  
  56  4:41  Zerg Ground Armor Level 1  
  56  4:44  Zerg Missile Weapons Level 1  
  56  4:53  Roach  
  56  4:54  Roach  
  56  4:55  Roach  
  62  5:01  Roach  
  62  5:04  Roach  
  66  5:35  Nydus Network  
  65  5:45  Overlord x5  
  65  5:49  Glial Reconstitution  
  65  5:57  Drone  
  66  6:05  Extractor  
  66  6:06  Extractor  
  66  6:09  Roach  
  66  6:10  Roach x12  
  90  6:48  Spore Crawler x2, Overseer  
  88  6:54  Nydus Canal, Spore Crawler  
  88  6:58  Overseer  
  88  7:00  Roach x5  
  97  7:23  Nydus Canal  
  47  7:59  Drone  
  47  8:00  Drone x20  
  66  8:20  Spire  
  66  8:22  Spire  
  66  8:23  Spore Crawler  
  66  8:26  Spore Crawler  
  62  8:33  Drone x2  
  64  8:34  Drone  
  65  8:52  Spore Crawler  
  65  8:53  Spore Crawler  
  63  9:13  Spine Crawler  
  62  9:31  Spore Crawler x2  
  60  10:33  Corruptor x13  
  60  10:34  Corruptor x2  
  90  10:39  Overlord x3  
  90  10:44  Overseer x2  
  90  10:47  Zerg Flyer Armor Level 1, Zerg Flyer Weapons Level 1  
  90  10:53  Infestation Pit  
  71  12:26  Corruptor  
  71  12:27  Corruptor x4  
  81  12:35  Nydus Canal  
  71  13:22  Swarm Host  
  71  13:23  Swarm Host x2  
  71  13:26  Overlord x5  
  71  13:27  Overlord  
  80  13:30  Zerg Missile Weapons Level 2, Zerg Ground Armor Level 2  
  80  13:48  Nydus Canal  
  80  13:57  Swarm Host x7  
  80  13:58  Swarm Host x7  
  122  14:13  Swarm Host  
  122  14:14  Swarm Host  
  128  15:02  Overlord x3  
  128  15:03  Overlord x4  
  128  15:39  Nydus Canal  
  128  15:59  Swarm Host  
  128  16:00  Swarm Host x8  
  155  16:18  Nydus Canal  
  155  16:58  Nydus Canal  
  155  17:26  Nydus Canal  
  155  17:32  Swarm Host  
  155  17:33  Swarm Host x8  
  182  18:00  Hive  
  167  19:13  Nydus Canal  
  167  19:33  Nydus Canal  
  167  19:42  Swarm Host x6  
  185  19:46  Overlord x3  
  185  19:50  Zerg Missile Weapons Level 3, Zerg Ground Armor Level 3  
  185  20:25  Nydus Canal  
  185  20:44  Nydus Canal  
  185  20:57  Spore Crawler  
  185  20:58  Spore Crawler x2  
  162  23:01  Nydus Canal  
  162  23:43  Nydus Canal  
  162  24:33  Nydus Canal  
  156  25:38  Spore Crawler  
  156  25:40  Spore Crawler x2  
  153  25:42  Spore Crawler  
Show
View Real Time Build Order
Export as new Build Order

KIRAKL Terran 

Build Orders:  

Get SALT Encoding   

  12  0:03  SCV  
  13  0:15  SCV  
  14  0:27  SCV  
  15  0:33  Supply Depot  
  15  0:55  SCV  
  16  0:58  Barracks  
  16  1:07  SCV  
  17  1:17  Command Center  
  17  1:22  SCV  
  18  1:34  SCV  
  18  1:35  Supply Depot  
  19  1:46  SCV  
  20  1:51  Engineering Bay  
  20  1:54  Marine  
  20  2:00  Orbital Command  
  21  2:12  Marine  
  22  2:20  Missile Turret  
  22  2:29  Missile Turret  
  22  2:33  Refinery  
  22  2:36  Refinery, Missile Turret  
  22  2:39  Orbital Command  
  20  3:17  SCV  
  21  3:29  SCV  
  22  3:34  SCV  
  24  3:41  SCV  
  24  3:46  SCV  
  25  3:53  SCV  
  25  3:55  Barracks Tech Lab  
  26  3:58  SCV  
  27  4:04  Factory  
  27  4:05  SCV  
  28  4:10  SCV  
  28  4:12  Refinery  
  29  4:17  SCV  
  29  4:22  SCV  
  31  4:29  SCV  
  32  4:35  SCV  
  32  4:37  Ghost Academy  
  33  4:39  Ghost Academy  
  33  4:41  Ghost Academy, SCV  
  33  4:44  Missile Turret x2  
  34  4:47  SCV  
  35  4:54  SCV  
  35  4:59  SCV  
  37  5:08  Personal Cloaking  
  37  5:11  SCV  
  38  5:18  Refinery  
  38  5:23  SCV  
  38  5:25  Missile Turret  
  38  5:28  Missile Turret  
  39  5:35  SCV  
  42  5:37  Nuke  
  42  5:41  SCV  
  43  5:45  Nuke  
  43  5:49  Missile Turret  
  43  5:51  SCV  
  43  5:53  SCV  
  45  5:57  Unknown  
  45  6:03  SCV  
  48  6:05  SCV  
  49  6:15  Factory Tech Lab, SCV  
  49  6:18  SCV  
  51  6:19  Armory  
  51  6:28  SCV, Unknown  
  51  6:30  SCV  
  53  6:34  Nuke  
  53  7:44  Drilling Claws  
  53  8:43  Nuke x3  
  53  8:46  Widow Mine  
  55  9:03  Command Center  
  55  9:05  Command Center  
  55  9:07  Command Center  
  55  9:08  Widow Mine  
  57  9:11  Command Center  
  57  9:13  Ghost Academy  
  57  9:16  Ghost Academy  
  53  9:17  Ghost Academy  
  53  9:19  Ghost Academy  
  53  9:23  Missile Turret x4  
  53  9:24  Missile Turret  
  53  9:26  Missile Turret x2  
  53  9:27  Missile Turret  
  53  9:28  Missile Turret  
  53  9:29  Widow Mine  
  53  9:30  Hi-Sec Auto Tracking  
  55  9:32  Missile Turret  
  57  9:50  Widow Mine  
  59  9:52  Nuke  
  59  9:53  Nuke x3  
  59  10:02  Unknown  
  61  10:07  Missile Turret x2  
  61  10:10  Missile Turret  
  61  10:14  Missile Turret x2  
  61  10:15  Missile Turret, Widow Mine  
  63  10:25  Supply Depot x2  
  63  10:27  Neosteel Armor, Missile Turret  
  63  10:30  Missile Turret, Supply Depot  
  63  10:31  Unknown  
  65  10:50  Supply Depot  
  65  10:57  Missile Turret  
  65  10:58  Missile Turret  
  65  10:59  Missile Turret, Unknown  
  65  11:01  Missile Turret  
  67  11:05  Orbital Command x2  
  67  11:06  Orbital Command x2  
  67  11:19  Missile Turret  
  67  11:21  Missile Turret x2  
  67  11:23  Missile Turret  
  67  11:28  Unknown  
  69  11:43  Missile Turret  
  69  11:56  Widow Mine  
  69  11:57  Unknown  
  69  12:00  Terran Vehicle Weapons Level 1  
  71  12:10  Orbital Command  
  71  12:18  Widow Mine  
  73  12:33  Missile Turret  
  73  12:35  Missile Turret x4  
  73  12:36  Missile Turret x3  
  73  12:37  Missile Turret  
  73  12:38  Missile Turret x3  
  73  12:39  Missile Turret x2, Widow Mine  
  75  12:48  Factory x2  
  75  12:55  Missile Turret  
  75  13:01  Widow Mine  
  77  13:22  Widow Mine  
  77  13:25  Refinery  
  79  13:27  Refinery  
  79  13:49  Armory, Factory Reactor x2  
  81  13:57  Terran Vehicle Weapons Level 2  
  79  14:22  Unknown  
  81  14:51  Unknown  
  83  15:19  Unknown  
  85  15:25  Terran Vehicle And Ship Armor Level 1  
  85  15:30  Nuke  
  85  15:31  Nuke  
  82  15:48  Unknown  
  60  16:16  Unknown  
  49  16:22  Nuke x5  
  46  17:15  Terran Vehicle Weapons Level 3  
  48  18:02  Widow Mine  
  48  18:03  Widow Mine x4  
  48  18:05  Terran Vehicle And Ship Armor Level 2  
  58  18:08  Unknown  
  60  18:24  Widow Mine x5  
  68  18:37  Unknown  
  70  18:45  Widow Mine  
  70  18:46  Widow Mine x4  
  79  19:06  Widow Mine, Unknown  
  79  19:07  Widow Mine x2  
  77  19:28  Widow Mine  
  79  19:34  Unknown  
  81  19:57  Widow Mine x3  
  87  20:03  Unknown  
  87  20:18  Widow Mine x3  
  63  20:39  Widow Mine x2  
  63  20:40  Widow Mine  
  63  20:41  Missile Turret x2  
  63  20:42  Missile Turret  
  69  20:44  Missile Turret  
  69  20:47  Missile Turret  
  69  20:50  Missile Turret  
  69  20:51  Missile Turret  
  69  20:52  Missile Turret  
  69  20:53  Missile Turret  
  69  21:01  Widow Mine x3  
  69  21:02  Missile Turret  
  69  21:03  Missile Turret  
  73  21:06  Missile Turret  
  73  21:08  Missile Turret  
  67  21:11  Missile Turret  
  67  21:13  Missile Turret x2  
  67  21:15  Missile Turret  
  67  21:17  Missile Turret  
  61  21:22  Widow Mine  
  36  22:36  Orbital Command  
Show
View Real Time Build Order
Export as new Build Order

RyuKey Terran - Winner!

Build Orders: Reaper Expand, Mech 

Get SALT Encoding   

  12  0:01  SCV  
  13  0:13  SCV  
  14  0:18  Supply Depot  
  14  0:25  SCV  
  15  0:39  SCV  
  15  0:42  Barracks  
  16  0:47  Refinery  
  16  0:52  SCV  
  17  1:04  SCV  
  18  1:16  SCV  
  19  1:29  Orbital Command  
  19  1:30  Reaper  
  20  1:45  Command Center  
  20  1:54  SCV  
  20  1:55  Supply Depot  
  20  2:01  Refinery  
  21  2:02  Barracks Reactor  
  21  2:08  SCV  
  22  2:20  SCV  
  23  2:26  Factory  
  23  2:32  SCV  
  23  2:33  Supply Depot  
  24  2:40  Marine x2  
  26  2:44  SCV  
  27  2:56  Supply Depot  
  27  3:09  SCV  
  27  3:10  Marine  
  27  3:11  Marine, Factory Tech Lab  
  30  3:13  SCV  
  30  3:18  Supply Depot, Starport  
  31  3:25  SCV  
  32  3:35  Marine x2, Siege Tank  
  37  3:42  Orbital Command  
  37  3:53  Marine  
  38  4:02  SCV  
  39  4:07  Siege Tank  
  39  4:08  Starport Tech Lab  
  42  4:10  Supply Depot  
  42  4:33  SCV  
  42  4:35  SCV  
  44  4:45  SCV  
  44  4:46  Banshee  
  44  4:47  Cloaking Field, SCV  
  44  4:48  Marine x2, Supply Depot  
  44  4:49  Siege Tank  
  54  4:58  SCV  
  55  5:01  SCV  
  55  5:06  Marine x2  
  58  5:21  Siege Tank  
  58  5:22  SCV  
  58  5:23  Refinery, SCV  
  58  5:24  Refinery, Marine  
  64  5:30  Supply Depot  
  64  5:34  SCV  
  65  5:42  Command Center  
  65  5:43  Factory  
  65  5:44  SCV  
  65  5:47  SCV  
  65  5:48  Viking  
  69  5:51  Marine x2  
  69  5:56  SCV  
  72  5:59  SCV  
  73  6:09  Marine  
  73  6:10  Supply Depot  
  74  6:11  SCV  
  74  6:12  SCV  
  76  6:19  Command Center  
  76  6:23  SCV  
  76  6:24  Marine, Siege Tank  
  81  6:26  SCV  
  82  6:35  SCV  
  83  6:44  SCV  
  84  6:47  Factory Tech Lab, SCV  
  84  6:48  Factory  
  85  6:56  SCV  
  85  7:00  SCV  
  87  7:07  Orbital Command  
  87  7:10  SCV  
  87  7:14  SCV  
  89  7:22  SCV  
  90  7:36  Refinery  
  90  7:40  Refinery  
  87  8:06  SCV x2  
  87  8:07  Factory Tech Lab  
  86  8:18  Armory  
  86  8:19  Armory  
  86  8:21  Orbital Command  
  86  8:26  SCV x2  
  88  8:31  Engineering Bay  
  87  8:42  SCV x2  
  87  8:43  SCV  
  90  9:02  SCV x2  
  92  9:03  Missile Turret, SCV  
  92  9:07  Hi-Sec Auto Tracking  
  92  9:09  Terran Vehicle Weapons Level 1, Terran Vehicle And Ship Armor Level 1  
  93  9:10  Thor  
  93  9:11  Thor x2  
  111  9:17  Starport  
  111  9:25  SCV  
  111  9:26  SCV x3  
  115  9:31  Missile Turret  
  115  9:32  Missile Turret  
  115  9:34  Missile Turret  
  115  9:38  SCV  
  116  9:39  Supply Depot x2  
  116  9:40  Supply Depot  
  116  9:41  Thor x2  
  116  9:43  SCV x2  
  118  9:53  Thor x2, Raven  
  132  10:00  Thor, Viking x2  
  132  10:06  Supply Depot  
  142  10:09  Supply Depot  
  142  10:10  Supply Depot x2  
  142  10:11  SCV x2  
  144  10:14  Supply Depot  
  144  10:36  Thor x2  
  156  10:43  Thor, SCV  
  163  11:06  Viking  
  163  11:07  Viking x2  
  169  11:19  Thor x2  
  169  11:24  Command Center  
  181  11:26  Thor  
  187  11:36  Viking  
  189  11:52  Missile Turret  
  189  11:53  Terran Vehicle And Ship Armor Level 2, Missile Turret, Terran Vehicle Weapons Level 2  
  189  12:02  Thor  
  189  12:08  Marine  
  196  12:13  Missile Turret  
  196  12:14  Missile Turret  
  196  12:34  Missile Turret  
  196  12:36  Viking x2  
  200  12:37  Missile Turret  
  200  12:57  Refinery, Missile Turret x2  
  200  12:58  Refinery, Planetary Fortress  
  200  13:00  Refinery  
  200  13:04  Command Center  
  200  13:17  Armory  
  200  13:20  Missile Turret  
  200  13:24  Missile Turret  
  200  13:43  Missile Turret  
  200  13:44  Missile Turret  
  200  14:04  Missile Turret  
  200  14:05  Missile Turret  
  200  14:13  Terran Vehicle And Ship Armor Level 3, Terran Vehicle Weapons Level 3  
  200  14:17  Terran Ship Weapons Level 1  
  200  15:02  Viking  
  196  15:24  Factory  
  196  15:26  Factory x2  
  196  15:32  Viking  
  130  16:20  Thor x3  
  130  16:21  Missile Turret  
  130  16:23  Missile Turret, Factory Tech Lab x3  
  137  16:26  Factory, Missile Turret  
  137  16:29  Factory  
  136  16:34  Factory  
  136  16:39  Missile Turret x2  
  136  16:41  Missile Turret, Viking x2  
  136  16:42  Missile Turret, Viking  
  136  16:45  Missile Turret x2  
  142  16:47  Missile Turret  
  142  16:49  Planetary Fortress  
  136  17:02  Missile Turret x2  
  136  17:03  Thor x3  
  136  17:04  Missile Turret  
  136  17:06  Missile Turret  
  154  17:11  Viking x2  
  158  17:18  Refinery  
  158  17:29  Missile Turret  
  158  17:31  Terran Ship Weapons Level 2, Missile Turret x2  
  158  17:33  Missile Turret x3  
  158  17:34  Neosteel Armor, Missile Turret  
  144  17:45  Thor x5  
  144  17:46  Thor  
  144  17:50  Missile Turret  
  180  17:51  Missile Turret  
  180  17:52  Missile Turret  
  180  17:53  Missile Turret  
  178  18:28  Thor x3  
  178  18:33  Missile Turret  
  194  18:55  Missile Turret  
  180  19:11  Thor, Siege Tank x2  
  184  19:24  Missile Turret  
  178  19:43  Thor x2  
  178  19:44  Thor  
  178  19:45  Missile Turret  
  196  20:06  Missile Turret  
  193  20:18  Thor x2  
  193  20:21  Viking x3  
  172  20:29  Missile Turret  
  172  20:31  Command Center  
  172  20:32  Thor x2  
  172  20:33  Thor x2  
  178  20:48  Missile Turret  
  160  20:52  Factory Tech Lab  
  160  20:53  Factory Tech Lab x2  
  160  20:57  Viking  
  160  20:58  Viking x2  
  160  21:00  Thor  
  160  21:01  Thor  
  178  21:07  Missile Turret  
  178  21:15  Thor x2  
  190  21:23  Thor  
  196  21:27  Missile Turret, Viking  
  198  21:36  Terran Ship Weapons Level 3  
  198  21:47  Missile Turret  
  184  22:08  Missile Turret  
  180  22:30  Starport  
  180  22:32  Starport  
  180  22:33  Starport  
  180  22:35  Starport  
  180  22:37  Starport x2  
  180  22:39  Missile Turret  
  180  22:43  Fusion Core, Starport  
  136  24:21  Starport Tech Lab  
  136  24:22  Starport Tech Lab x6  
  136  24:23  Orbital Command  
  136  24:37  Orbital Command  
  136  25:10  Refinery  
  136  25:14  Refinery  
  124  25:30  Viking  
Show
View Real Time Build Order
Export as new Build Order

KingJay Protoss - Winner!

Build Orders: Carriers 

Get SALT Encoding   

  12  0:01  Probe (Chrono Boost)  
  13  0:11  Probe (Chrono Boost)  
  14  0:19  Pylon  
  14  0:22  Probe  
  15  0:37  Probe  
  15  0:41  Gateway  
  16  0:49  Probe  
  17  1:00  Assimilator  
  17  1:01  Probe  
  18  1:13  Probe (Chrono Boost)  
  19  1:22  Probe (Chrono Boost)  
  19  1:23  Forge  
  20  1:27  Probe (Chrono Boost)  
  21  1:39  Probe  
  22  1:41  Pylon  
  22  1:51  Probe  
  23  1:59  Photon Cannon x2  
  23  2:03  Probe  
  23  2:21  Photon Cannon  
  23  2:26  Photon Cannon  
  23  2:33  Probe (Chrono Boost)  
  23  2:34  Assimilator  
  24  2:42  Probe (Chrono Boost)  
  25  2:44  Pylon  
  25  3:08  Cybernetics Core  
  25  3:20  Nexus  
  25  3:31  Photon Cannon x2  
  25  3:50  Stargate  
  25  3:52  Stargate  
  25  3:54  Probe  
  26  4:06  Probe (Chrono Boost)  
  27  4:18  Probe (Chrono Boost)  
  27  4:22  Pylon  
  28  4:25  Stalker  
  30  4:37  Void Ray x2  
  38  5:11  Probe (Chrono Boost)  
  39  5:16  Probe (Chrono Boost)  
  41  5:21  Probe (Chrono Boost)  
  41  5:24  Probe (Chrono Boost)  
  43  5:28  Assimilator  
  43  5:29  Probe (Chrono Boost)  
  43  5:31  Probe (Chrono Boost)  
  43  5:33  Assimilator  
  44  5:41  Probe (Chrono Boost)  
  44  5:42  Probe (Chrono Boost)  
  46  5:45  Probe (Chrono Boost)  
  46  5:49  Probe  
  48  5:57  Probe  
  48  5:59  Void Ray x2  
  48  6:01  Probe  
  58  6:09  Probe  
  59  6:11  Fleet Beacon  
  59  6:13  Probe  
  60  6:27  Nexus  
  60  6:28  Pylon  
  60  6:29  Pylon  
  60  6:30  Probe (Chrono Boost)  
  62  6:40  Probe (Chrono Boost)  
  62  6:45  Probe (Chrono Boost)  
  62  6:51  Pylon  
  62  6:52  Pylon  
  62  6:54  Stargate  
  63  6:57  Probe  
  64  7:09  Probe  
  65  7:16  Probe  
  65  7:21  Probe  
  67  7:24  Assimilator  
  67  7:28  Probe  
  67  7:29  Assimilator  
  68  7:33  Probe, Carrier (Chrono Boost)  
  81  7:38  Carrier (Chrono Boost)  
  81  7:40  Probe  
  82  7:45  Probe  
  83  7:53  Carrier (Chrono Boost)  
  83  7:57  Probe  
  72  8:37  Probe (Chrono Boost)  
  72  8:39  Carrier (Chrono Boost)  
  73  8:42  Carrier  
  73  8:47  Probe (Chrono Boost)  
  86  8:52  Probe (Chrono Boost)  
  86  8:53  Protoss Air Weapons Level 1 (Chrono Boost)  
  87  9:04  Probe (Chrono Boost)  
  88  9:10  Probe (Chrono Boost)  
  88  9:11  Carrier  
  95  9:17  Protoss Shields Level 1 (Chrono Boost)  
  95  9:18  Probe  
  95  9:19  Cybernetics Core  
  96  9:30  Probe  
  97  9:43  Carrier  
  103  9:49  Carrier  
  109  9:59  Pylon x2  
  109  10:02  Pylon  
  109  10:08  Protoss Air Armor Level 1 (Chrono Boost)  
  109  10:17  Carrier  
  115  10:47  Carrier  
  121  10:53  Carrier  
  127  11:07  Protoss Air Weapons Level 2 (Chrono Boost)  
  127  11:19  Nexus  
  127  11:22  Pylon, Carrier  
  127  11:24  Pylon  
  133  11:32  Pylon  
  133  11:33  Pylon  
  133  11:34  Pylon  
  133  11:37  Pylon x2  
  133  11:39  Pylon  
  133  11:41  Pylon  
  133  11:42  Pylon  
  133  11:52  Carrier  
  139  11:58  Carrier  
  145  12:02  Protoss Air Armor Level 2 (Chrono Boost)  
  139  12:26  Carrier  
  145  12:56  Carrier  
  151  13:02  Twilight Council, Carrier  
  117  13:30  Carrier  
  123  14:00  Carrier  
  129  14:06  Carrier  
  135  14:34  Carrier  
  105  15:04  Carrier  
  111  15:12  Carrier  
  117  15:30  Protoss Air Weapons Level 3 (Chrono Boost)  
  117  15:36  Protoss Air Armor Level 3 (Chrono Boost)  
  117  15:39  Carrier  
  123  15:53  Nexus  
  123  16:07  Protoss Shields Level 2 (Chrono Boost)  
  123  16:08  Carrier  
  129  16:17  Carrier  
  135  17:08  Assimilator  
  135  17:09  Carrier  
  135  17:13  Assimilator, Carrier  
  147  17:58  Probe (Chrono Boost)  
  148  18:09  Probe (Chrono Boost)  
  148  18:11  Carrier  
  155  18:13  Probe (Chrono Boost)  
  156  18:25  Probe  
  157  18:37  Probe  
  81  19:26  Carrier  
  81  19:27  Carrier x2  
  93  19:38  Probe (Chrono Boost)  
  94  19:48  Probe (Chrono Boost)  
  95  19:53  Probe (Chrono Boost)  
  96  20:04  Probe  
  97  20:16  Probe  
  97  20:17  Nexus  
  98  20:31  Carrier x2  
  110  20:38  Carrier  
  116  20:48  Assimilator  
  116  20:53  Assimilator  
  116  20:55  Assimilator  
  111  21:35  Carrier  
  111  21:36  Nexus  
  117  22:08  Probe (Chrono Boost)  
  118  22:14  Probe (Chrono Boost)  
  119  22:18  Probe (Chrono Boost), Carrier x2  
  119  22:22  Probe (Chrono Boost)  
  133  22:25  Probe (Chrono Boost)  
  133  22:27  Probe (Chrono Boost)  
  135  22:34  Probe  
  136  22:38  Probe  
  137  22:46  Probe  
  137  22:50  Probe x2  
  140  23:02  Probe  
  141  23:14  Probe  
  136  23:26  Probe  
  137  23:27  Carrier x2  
  137  23:28  Carrier  
  155  23:47  Assimilator  
  155  24:32  Carrier  
Show
View Real Time Build Order
Export as new Build Order

NOUTRIA Protoss - Winner!

Build Orders: Carriers 

Get SALT Encoding   

  12  0:02  Probe (Chrono Boost)  
  13  0:12  Probe (Chrono Boost)  
  14  0:17  Probe (Chrono Boost)  
  15  0:36  Pylon  
  15  0:41  Pylon  
  15  1:30  Gateway  
  15  1:31  Gateway  
  15  1:33  Gateway  
  15  1:35  Gateway  
  15  1:38  Gateway  
  14  2:22  Pylon  
  14  2:24  Assimilator  
  14  2:28  Assimilator  
  14  2:30  Pylon  
  14  2:46  Forge  
  14  2:59  Probe (Chrono Boost)  
  14  3:00  Cybernetics Core  
  15  3:09  Probe (Chrono Boost)  
  16  3:14  Probe (Chrono Boost)  
  17  3:25  Probe  
  17  3:26  Photon Cannon  
  18  3:38  Probe (Chrono Boost)  
  19  3:50  Probe (Chrono Boost)  
  20  3:57  Probe (Chrono Boost)  
  21  4:04  Probe (Chrono Boost)  
  22  4:16  Probe (Chrono Boost)  
  23  4:21  Stargate, Probe (Chrono Boost)  
  24  4:30  Stargate, Probe  
  25  4:58  Nexus  
  25  5:04  Assimilator  
  25  5:11  Assimilator  
  25  5:29  Pylon  
  25  5:30  Pylon  
  25  5:55  Void Ray (Chrono Boost)  
  29  6:10  Probe (Chrono Boost)  
  29  6:11  Pylon  
  30  6:14  Pylon  
  30  6:19  Pylon  
  30  6:20  Probe (Chrono Boost)  
  30  6:25  Probe (Chrono Boost)  
  32  6:46  Gateway  
  32  6:47  Photon Cannon  
  32  6:50  Photon Cannon  
  32  6:51  Probe (Chrono Boost)  
  33  6:55  Probe (Chrono Boost)  
  35  7:06  Probe x2 (Chrono Boost)  
  36  7:12  Probe (Chrono Boost)  
  38  7:19  Probe (Chrono Boost)  
  39  7:22  Probe (Chrono Boost)  
  39  7:27  Probe x2 (Chrono Boost)  
  39  7:29  Photon Cannon  
  41  7:31  Photon Cannon  
  41  7:36  Photon Cannon  
  41  7:37  Probe, Photon Cannon  
  41  7:38  Probe  
  43  7:49  Probe  
  43  7:50  Probe  
  45  8:04  Pylon  
  45  8:07  Photon Cannon  
  45  8:11  Photon Cannon  
  45  8:23  Photon Cannon  
  45  8:26  Photon Cannon  
  45  8:29  Photon Cannon  
  45  8:32  Photon Cannon  
  45  8:35  Photon Cannon  
  45  8:40  Pylon  
  45  8:45  Pylon  
  45  8:47  Probe (Chrono Boost)  
  46  8:49  Pylon  
  46  8:53  Pylon  
  46  8:55  Stargate  
  46  8:57  Probe (Chrono Boost)  
  47  9:16  Robotics Facility  
  47  9:18  Nexus  
  47  9:22  Assimilator  
  47  9:26  Photon Cannon  
  47  9:27  Assimilator  
  47  9:30  Photon Cannon  
  47  9:36  Photon Cannon  
  47  9:38  Void Ray (Chrono Boost), Stargate  
  51  9:47  Void Ray (Chrono Boost)  
  55  10:05  Void Ray (Chrono Boost)  
  59  10:11  Protoss Air Weapons Level 1  
  59  11:22  Probe (Chrono Boost)  
  60  11:31  Pylon  
  60  11:32  Probe (Chrono Boost)  
  61  11:35  Pylon  
  61  11:37  Pylon  
  61  11:38  Probe (Chrono Boost)  
  62  11:40  Pylon  
  62  11:42  Probe (Chrono Boost)  
  62  11:46  Pylon  
  63  11:51  Probe (Chrono Boost)  
  63  11:52  Probe (Chrono Boost)  
  63  11:53  Probe (Chrono Boost)  
  66  11:58  Void Ray x4  
  66  11:59  Probe (Chrono Boost)  
  66  12:00  Probe (Chrono Boost)  
  66  12:01  Observer  
  86  12:03  Probe (Chrono Boost)  
  86  12:06  Probe x2 (Chrono Boost)  
  88  12:09  Probe  
  88  12:15  Probe x2  
  91  12:17  Photon Cannon  
  91  12:20  Photon Cannon  
  91  12:21  Probe  
  91  12:22  Observer  
  93  12:24  Photon Cannon  
  93  12:27  Probe x2, Photon Cannon  
  95  12:31  Photon Cannon  
  95  12:34  Photon Cannon  
  95  12:37  Photon Cannon  
  95  12:39  Probe  
  95  12:41  Photon Cannon  
  96  12:45  Photon Cannon  
  96  12:46  Void Ray  
  96  12:49  Void Ray  
  105  12:51  Probe  
  105  13:03  Probe  
  106  13:15  Void Ray x2  
  114  13:28  Void Ray  
  108  14:52  Void Ray  
  108  14:53  Void Ray x3  
  124  15:03  Stargate  
  124  15:04  Stargate  
  124  15:07  Stargate  
  124  15:09  Stargate  
  124  15:12  Stargate  
  124  15:15  Stargate  
  124  15:22  Cybernetics Core  
  124  15:25  Twilight Council  
  124  15:33  Forge  
  58  16:42  Fleet Beacon  
  58  16:44  Protoss Air Armor Level 1  
  58  16:49  Protoss Shields Level 1 (Chrono Boost)  
  58  17:19  Nexus  
  58  17:21  Assimilator x2  
  58  17:26  Carrier x2  
  58  17:27  Carrier x7  
  58  17:28  Carrier  
  118  18:22  Observer, Protoss Air Weapons Level 2  
  118  18:25  Unknown  
  119  18:30  Tempest x2  
  119  18:31  Tempest x3, Carrier x2  
  119  18:32  Carrier x2  
  165  18:43  Observer  
  165  19:05  Observer  
  164  19:26  Observer  
  165  19:48  Observer  
  165  19:50  Pylon  
  165  19:51  Pylon  
  166  19:53  Pylon x2  
  166  19:54  Pylon  
  166  19:55  Pylon  
  166  19:59  Pylon  
  166  20:04  Tempest x2  
  176  20:08  Tempest  
  176  20:13  Pylon  
  181  20:14  Pylon  
  181  20:17  Pylon  
  181  20:22  Pylon  
  181  20:24  Pylon  
  181  21:02  Assimilator  
  181  21:03  Nexus  
  110  22:36  Carrier x4  
  86  22:37  Void Ray  
  86  22:41  Probe (Chrono Boost)  
  81  22:49  Probe (Chrono Boost)  
  83  22:52  Probe (Chrono Boost)  
  83  22:57  Probe (Chrono Boost)  
  85  22:59  Probe (Chrono Boost)  
  85  23:02  Probe (Chrono Boost)  
  86  23:07  Probe  
  87  23:13  Probe  
  88  23:25  Probe  
  89  23:41  Void Ray x3  
  89  23:42  Void Ray  
  105  23:52  Nexus  
  105  23:56  Assimilator  
  105  24:00  Assimilator  
  105  24:04  Void Ray x3  
  117  25:06  Void Ray x4  
  117  25:07  Void Ray x5  
  157  25:57  Robotics Facility  
  157  25:58  Cybernetics Core  
  157  26:07  Cybernetics Core  
  157  26:09  Pylon x2  
  157  26:10  Pylon  
  157  26:11  Pylon  
Show
View Real Time Build Order
Export as new Build Order

IIRainBOwII Zerg - Winner!

Build Orders: Pool First 

Get SALT Encoding   

  12  0:07  Drone  
  13  0:17  Drone  
  13  0:20  Overlord  
  14  0:37  Spawning Pool  
  14  0:41  Drone, Extractor  
  13  0:46  Extractor  
  12  0:58  Drone  
  13  1:39  Drone x2  
  15  1:41  Queen  
  16  2:17  Drone x3  
  19  2:42  Hatchery  
  18  2:48  Lair  
  18  2:50  Drone  
  18  2:51  Overlord  
  19  3:13  Drone  
  20  3:23  Drone x2  
  22  3:49  Spire, Drone x2  
  22  3:51  Drone x2  
  25  4:07  Drone  
  25  4:08  Drone x2  
  28  4:12  Extractor  
  28  4:13  Queen, Extractor  
  28  4:18  Drone x3  
  31  4:30  Drone x3  
  34  4:41  Drone x2  
  34  4:43  Overlord  
  36  5:01  Mutalisk x2  
  36  5:02  Mutalisk x2  
  44  5:11  Overlord  
  44  5:12  Overlord  
  44  5:29  Overlord  
  44  5:30  Overlord  
  44  5:31  Drone  
  44  5:32  Overseer  
  45  5:44  Mutalisk x2  
  45  5:45  Mutalisk  
  45  5:49  Drone  
  52  5:51  Drone  
  53  5:59  Mutalisk  
  53  6:01  Drone  
  53  6:02  Drone  
  57  6:08  Mutalisk  
  59  6:15  Mutalisk  
  59  6:17  Mutalisk  
  63  6:24  Zerg Flyer Weapons Level 1  
  63  6:27  Overlord  
  63  6:33  Mutalisk  
  63  6:37  Drone x2  
  63  6:38  Drone  
  69  6:47  Drone x2  
  69  6:48  Drone x2  
  72  7:04  Mutalisk x3  
  78  7:13  Overlord  
  78  7:14  Mutalisk  
  67  7:38  Mutalisk  
  67  7:39  Mutalisk  
  69  7:59  Hatchery  
  67  8:09  Hatchery  
  66  9:23  Drone x3  
  69  9:43  Drone x3  
  72  9:52  Mutalisk  
  67  10:25  Mutalisk  
  68  10:31  Drone  
  68  10:32  Drone x4  
  73  10:40  Mutalisk  
  75  10:58  Mutalisk  
  75  10:59  Mutalisk  
  73  11:14  Mutalisk  
  73  11:20  Mutalisk  
  75  11:38  Mutalisk  
  69  12:00  Mutalisk x2  
  73  12:12  Mutalisk  
  73  12:27  Mutalisk x2  
  73  12:29  Overlord  
  77  12:40  Mutalisk  
  79  12:51  Mutalisk  
  81  13:02  Mutalisk  
  83  13:21  Mutalisk  
  83  13:25  Mutalisk  
  87  13:35  Mutalisk  
  87  13:55  Mutalisk  
  87  13:56  Mutalisk  
  91  14:41  Overlord x4  
  87  15:32  Mutalisk x3  
  71  15:50  Mutalisk  
  71  15:51  Mutalisk x3  
  71  15:52  Mutalisk  
  51  16:36  Mutalisk x2  
  51  16:37  Mutalisk x4  
  63  17:11  Mutalisk  
  63  17:12  Mutalisk x2  
  69  17:38  Hatchery  
  68  17:47  Mutalisk  
  68  17:48  Mutalisk  
  72  17:56  Mutalisk  
  74  18:01  Hatchery  
  71  18:20  Mutalisk  
  73  18:41  Mutalisk  
  73  18:48  Mutalisk  
  71  19:08  Mutalisk  
  61  19:34  Drone x11  
  61  19:38  Drone  
  73  19:46  Mutalisk x2  
  73  20:15  Mutalisk  
  71  20:40  Mutalisk  
  73  20:54  Mutalisk  
  65  21:22  Mutalisk x2  
  69  22:07  Mutalisk  
  69  22:08  Mutalisk  
  73  22:36  Mutalisk  
  75  22:58  Mutalisk  
  77  23:40  Mutalisk  
  77  23:41  Mutalisk  
  73  24:58  Mutalisk  
  73  24:59  Mutalisk  
  77  25:18  Mutalisk  
Tags
 
Add a new tag
Caveats
  • Supply blocks, unpowered buildings, or Contaminate may cause inaccurate times.
  • Supply counts are checked every 10 seconds.